cohdb
Replays
Latest Replays
All Replays
Popular Replays
Top Player Replays
Match Explorer
How It Works
Community
CoH3 Stats
Reddit
Sign in to upload your games and track your stats! →
Sign in with Steam
Match 42301920
Unlisted
Match 42301920
Overview
Messages
Build Orders
End
Construct Infanterie Kompanie
MG 42 Machine Gun Team
GrW 34 Mortar Team
Grenadier Squad
Construct Panzergrenadier Kompanie
251 Medium Carrier
251 Medium Carrier
Panzergrenadier Squad
Pak 40 Anti-tank Gun Team
Construct Panzer Kompanie
251 Medium Carrier
Stoßtruppen Squad
Panzer IV Medium Tank
Side Skirts
Medical Bunker
Stoßtruppen Squad
Panzer IV Medium Tank
Pioneer Squad
Pak 40 Anti-tank Gun Team
Selects Terror Battlegroup
Selects Machine Gun Camouflage
Selects Defend the Fatherland
Selects King Tiger Heavy Tank
King Tiger Heavy Tank
Selects Interrogate
Pioneer Squad
wila
Respect
LittleFatty233
spinn72
moemoe
Farsurem
Gear-IV-G
솔플전사 김찬희
0
0
Comments
sign in to comment!
No comments posted yet!